Map: Backwater LE

Players

RiSky - Winner!

  • Race: Zerg Zerg
  • Spawn Location: 5:00

NoRegreT

  • Race: Zerg Zerg
  • Spawn Location: 11:00

Event: IEM Season 12 - Katowice

VOD

Have the link to the VOD?

Description

Time

  • Played on: Feb. 27, 2018, 5:15 a.m.
  • Length: 14:11

All games in this series

Show
View Real Time Build Order
Export as new Build Order

RiSky Zerg - Winner!

Build Orders: Hatch First 

Get SALT Encoding   

  12  0:00  Drone  
  13  0:12  Overlord  
  13  0:17  Drone  
  14  0:30  Drone x2  
  14  0:34  Drone  
  17  0:51  Hatchery  
  17  0:54  Drone  
  17  0:58  Drone  
  18  1:04  Extractor  
  17  1:12  Spawning Pool  
  17  1:16  Drone  
  17  1:19  Drone  
  18  1:29  Drone  
  19  1:38  Overlord  
  19  1:59  Queen, Zergling x2  
  19  2:00  Zergling x2  
  23  2:03  Queen, Zergling x2  
  23  2:08  Metabolic Boost  
  26  2:10  Drone  
  26  2:15  Spine Crawler  
  26  2:20  Zergling x2  
  26  2:28  Zergling x4  
  28  2:38  Zergling x4  
  30  2:50  Zergling x4  
  32  2:57  Drone  
  28  3:13  Spine Crawler  
  28  3:15  Zergling x4  
  28  3:17  Overlord  
  30  3:22  Baneling Nest  
  29  3:32  Zergling x2  
  30  3:35  Queen  
  30  3:40  Zergling x2  
  29  3:54  Zergling x2  
  29  4:01  Hatchery  
  28  4:16  Drone, Baneling x2  
  29  4:18  Drone  
  29  4:21  Evolution Chamber  
  29  4:26  Baneling  
  29  4:27  Queen  
  31  4:31  Zergling x4  
  31  4:35  Baneling  
  33  4:43  Overlord  
  33  4:53  Drone  
  33  4:55  Baneling  
  33  4:56  Baneling  
  33  4:57  Baneling  
  33  4:59  Overlord  
  33  5:17  Drone, Baneling  
  33  5:18  Baneling  
  31  5:22  Zergling x2  
  31  5:25  Zergling x2  
  31  5:28  Zerg Melee Weapons Level 1, Zergling x2  
  28  5:33  Zergling x2  
  28  5:34  Drone  
  31  5:37  Drone  
  32  5:44  Drone  
  32  5:48  Drone  
  34  5:50  Baneling x2  
  34  5:55  Queen  
  36  5:57  Zergling x4  
  36  5:58  Zergling x6  
  36  6:00  Drone  
  36  6:02  Drone  
  43  6:12  Drone  
  43  6:14  Drone  
  45  6:20  Drone  
  45  6:24  Hatchery  
  45  6:26  Drone  
  45  6:29  Drone  
  45  6:32  Drone  
  48  6:33  Drone  
  48  6:35  Drone  
  48  6:39  Drone  
  51  6:42  Overlord  
  51  6:44  Drone  
  51  6:46  Drone  
  53  6:50  Overlord  
  53  6:53  Overlord  
  53  6:57  Baneling x2  
  53  6:59  Drone  
  54  7:06  Drone x2  
  54  7:07  Lair  
  55  7:11  Drone x2  
  55  7:13  Drone, Extractor  
  55  7:14  Extractor  
  56  7:18  Drone  
  56  7:22  Roach Warren  
  56  7:23  Drone, Overlord  
  56  7:27  Drone  
  56  7:29  Drone  
  56  7:36  Drone x2  
  58  7:39  Queen  
  58  7:41  Overlord  
  58  7:42  Overlord  
  59  7:48  Zerg Missile Weapons Level 1  
  59  7:51  Drone x3  
  62  7:55  Drone  
  62  7:56  Overlord  
  63  8:00  Drone  
  63  8:04  Overseer  
  64  8:06  Zergling x6  
  64  8:07  Glial Reconstitution  
  64  8:11  Baneling x2  
  67  8:14  Zergling x6  
  67  8:18  Zergling x6  
  72  8:22  Zergling x6  
  73  8:31  Queen x2  
  77  8:36  Drone x2  
  77  8:39  Overlord  
  79  8:42  Overlord  
  79  8:46  Overlord  
  79  8:47  Overlord  
  78  8:51  Queen  
  78  8:59  Roach  
  78  9:00  Roach x5  
  78  9:02  Roach  
  88  9:06  Queen  
  88  9:07  Roach  
  86  9:12  Roach x2  
  86  9:13  Roach x2  
  94  9:18  Roach x2  
  94  9:20  Spore Crawler  
  94  9:21  Spore Crawler  
  94  9:22  Spore Crawler  
  95  9:25  Roach  
  95  9:30  Roach  
  95  9:31  Roach  
  101  9:32  Drone  
  101  9:34  Drone, Hydralisk Den  
  101  9:36  Drone x2  
  104  9:41  Drone x2  
  104  9:42  Drone  
  107  9:48  Drone x2  
  107  9:51  Drone x2  
  111  9:54  Overlord, Zerg Missile Weapons Level 2, Extractor x2  
  111  9:55  Extractor  
  108  10:01  Overlord  
  108  10:02  Drone  
  108  10:06  Overlord  
  105  10:22  Hydralisk x2  
  105  10:23  Hydralisk x7  
  115  10:32  Grooved Spines  
  115  10:33  Roach  
  117  10:39  Roach x4  
  117  10:40  Overlord  
  125  10:44  Roach x2  
  125  10:46  Roach  
  125  10:48  Roach  
  133  10:54  Roach  
  133  10:55  Roach x2  
  135  10:58  Roach x3  
  135  11:01  Roach  
  143  11:04  Roach x2  
  143  11:11  Roach x3  
  145  11:16  Roach x2  
  147  11:24  Roach x2  
  151  11:28  Roach  
  151  11:29  Roach x2  
  147  11:38  Roach  
  149  11:42  Hydralisk  
  149  11:43  Hydralisk, Muscular Augments  
  151  11:47  Hydralisk x2  
  151  11:49  Hatchery  
  151  11:53  Hydralisk x2  
  146  11:56  Hydralisk  
  143  12:03  Hydralisk x2  
  143  12:05  Hydralisk  
  139  12:08  Hydralisk  
  139  12:14  Hydralisk x2  
  129  12:17  Hydralisk  
  129  12:22  Roach x2  
  123  12:28  Roach x2  
  123  12:29  Roach  
  117  12:32  Roach x3  
  117  12:36  Roach x2  
  115  12:39  Roach  
  115  12:42  Roach x2  
  121  12:45  Roach  
  121  12:46  Roach  
  121  12:49  Roach  
  127  12:57  Roach x2  
  131  12:59  Roach  
  131  13:01  Roach  
  135  13:06  Roach x2  
  135  13:11  Hydralisk x2  
  143  13:14  Roach x2  
  143  13:18  Roach x2  
  151  13:22  Hydralisk  
  151  13:26  Roach x2  
  151  13:27  Roach  
  159  13:30  Overlord  
  159  13:33  Overlord  
  159  13:37  Overlord  
  157  13:44  Roach x3  
  157  13:47  Roach x2  
  157  13:48  Unknown x4  
  135  13:50  Roach x2  
Show
View Real Time Build Order
Export as new Build Order

NoRegreT Zerg 

Build Orders: 1 Base Baneling Bust, Pool First, Zergling Baneling 

Get SALT Encoding   

  12  0:00  Drone  
  13  0:09  Extractor  
  12  0:26  Spawning Pool  
  11  0:29  Drone  
  11  0:33  Drone  
  13  0:40  Drone  
  14  0:52  Overlord  
  14  1:13  Zergling x6  
  14  1:16  Metabolic Boost  
  17  1:27  Queen  
  20  1:32  Zergling x2  
  20  1:40  Zergling x2  
  21  1:47  Baneling Nest  
  20  1:56  Zergling x2  
  20  1:58  Overlord  
  21  2:07  Zergling x2  
  22  2:19  Zergling x2  
  23  2:29  Zergling x2  
  24  2:35  Zergling x6  
  24  2:36  Baneling x2  
  27  2:41  Zergling x2  
  27  2:52  Drone  
  25  3:11  Zergling x2  
  24  3:15  Drone  
  24  3:16  Drone  
  24  3:18  Baneling x2  
  24  3:19  Baneling  
  26  3:21  Drone  
  26  3:22  Drone  
  28  3:28  Zergling x2  
  28  3:38  Zergling x2  
  28  3:47  Zergling x2  
  29  3:53  Baneling x2  
  28  4:00  Zergling x2  
  29  4:02  Hatchery  
  29  4:03  Zergling x2  
  29  4:12  Baneling  
  29  4:13  Zergling x4  
  29  4:22  Drone  
  28  4:33  Queen  
  28  4:38  Overlord  
  30  4:53  Baneling x2  
  30  4:57  Baneling x2  
  25  5:19  Drone, Zergling x4  
  27  5:25  Zergling x4  
  27  5:27  Queen  
  30  5:29  Drone  
  30  5:30  Drone x3  
  30  5:31  Drone x2  
  36  5:36  Drone  
  36  5:40  Baneling  
  37  5:45  Lair  
  37  5:51  Drone  
  37  5:55  Drone x2  
  40  5:58  Drone  
  40  5:59  Drone  
  40  6:04  Drone, Spine Crawler  
  43  6:05  Drone  
  41  6:21  Zergling x2  
  41  6:22  Zergling x2  
  41  6:24  Zergling x2  
  41  6:25  Hatchery  
  43  6:28  Extractor, Zergling x2  
  43  6:32  Drone  
  44  6:39  Extractor, Overlord  
  43  6:40  Drone  
  43  6:46  Overlord  
  44  6:49  Baneling  
  44  6:53  Overlord  
  44  6:57  Drone x2  
  44  6:58  Drone x2  
  48  7:06  Zergling x2  
  48  7:08  Spire  
  47  7:09  Baneling  
  47  7:10  Zergling x4  
  47  7:14  Zergling x4  
  51  7:21  Drone  
  51  7:22  Drone  
  53  7:24  Extractor, Baneling  
  53  7:27  Baneling  
  51  7:32  Drone  
  51  7:33  Drone  
  52  7:37  Zergling x4  
  52  7:38  Zergling x4  
  52  7:43  Baneling  
  52  7:44  Drone x2  
  58  7:47  Queen  
  58  7:48  Drone  
  58  7:50  Drone  
  62  7:55  Drone  
  62  7:56  Overseer  
  62  7:57  Drone  
  64  7:58  Drone  
  64  8:01  Drone  
  64  8:05  Drone x2  
  68  8:08  Drone  
  68  8:12  Baneling x2  
  67  8:15  Drone x2  
  67  8:16  Drone  
  67  8:19  Drone  
  61  8:29  Drone x2  
  61  8:31  Mutalisk x2  
  61  8:33  Extractor x2, Mutalisk x2  
  69  8:38  Unknown, Mutalisk  
  69  8:39  Mutalisk  
  72  8:50  Zergling x2  
  66  9:04  Drone x5  
  66  9:05  Drone x4  
  71  9:11  Mutalisk  
  71  9:15  Drone  
  74  9:19  Overlord  
  74  9:20  Zerg Flyer Weapons Level 1  
  74  9:24  Roach Warren  
  74  9:30  Drone  
  74  9:34  Overlord  
  74  9:39  Mutalisk x2  
  74  9:40  Drone  
  74  9:41  Drone x2  
  74  9:42  Drone  
  82  9:47  Overlord  
  82  9:48  Overseer  
  82  9:51  Overlord  
  82  9:58  Mutalisk x4  
  90  10:10  Mutalisk x2  
  90  10:14  Mutalisk  
  89  10:24  Mutalisk  
  90  10:29  Drone x2, Glial Reconstitution  
  90  10:34  Roach x3  
  98  10:37  Drone x3  
  101  10:46  Roach x2  
  105  10:52  Hatchery  
  105  10:56  Mutalisk x2  
  102  11:02  Roach  
  102  11:03  Overlord  
  106  11:06  Overlord  
  98  11:13  Roach  
  98  11:14  Roach x3  
  98  11:17  Roach x2  
  105  11:22  Roach x2  
  103  11:28  Roach x4  
  103  11:31  Drone  
  103  11:32  Drone  
  113  11:37  Overlord  
  113  11:38  Centrifical Hooks  
  113  11:40  Ravager  
  114  11:49  Roach  
  110  11:55  Roach x2  
  110  11:56  Roach x2  
  110  11:57  Unknown  
  110  11:58  Unknown x2  
  110  12:00  Roach x2  
  116  12:08  Roach x3  
  116  12:09  Roach x2  
  116  12:10  Roach  
  116  12:15  Roach x3  
  116  12:18  Roach  
  116  12:21  Roach  
  116  12:22  Roach  
  103  12:25  Roach  
  100  12:31  Roach x3  
  100  12:33  Roach  
  100  12:36  Drone x2  
  106  12:42  Roach x2  
  106  12:43  Drone  
  111  12:46  Roach  
  111  12:48  Roach  
  115  12:54  Roach  
  115  12:57  Zergling x2  
  115  12:58  Zergling x6  
  121  13:00  Zergling x2  
  121  13:01  Zergling x2  
  121  13:03  Zergling x4  
  125  13:07  Zergling x4  
  125  13:08  Zergling x2  
  125  13:12  Zergling x4  
  126  13:14  Zergling x4  
  126  13:18  Baneling x5  
  126  13:19  Baneling x2  
  128  13:24  Baneling  
  128  13:25  Baneling x7  
  128  13:26  Baneling  
  126  13:30  Roach  
  123  13:45  Roach x2  
  123  13:46  Roach x5  
  123  13:47  Roach  
  111  13:50  Roach  
  111  13:51  Roach  
  111  13:54  Drone  

Tags
 
Add a new tag
Caveats
  • Supply blocks, unpowered buildings, or Contaminate may cause inaccurate times.
  • Supply counts are checked every 10 seconds.